Map: Void Training Stage 2

Players

axu - Winner!

  • Race: Zerg Zerg
  • League: Platinum
  • Spawn Location: 3:00

Player 2

  • Race: Zerg Zerg
  • Spawn Location: 7:00

VOD

Have the link to the VOD?

Description

Time

  • Played on: May 9, 2018, 1:27 p.m.
  • Length: 14:18
Show
View Real Time Build Order
Export as new Build Order

axu Zerg - Winner!

Build Orders: Pool First 

Get SALT Encoding   

  12  0:03  Drone  
  13  0:13  Drone  
  14  0:17  Overlord  
  14  0:35  Drone  
  14  0:36  Drone  
  16  0:44  Spawning Pool  
  16  0:46  Drone  
  16  0:52  Drone, Extractor  
  16  1:06  Drone  
  16  1:08  Drone  
  18  1:22  Drone  
  19  1:29  Extractor  
  19  1:30  Drone  
  19  1:35  Queen  
  21  1:40  Overlord  
  21  1:55  Drone  
  22  2:02  Metabolic Boost  
  22  2:06  Drone  
  23  2:16  Drone  
  23  2:20  Hatchery  
  23  2:29  Hatchery  
  23  2:30  Queen  
  23  2:34  Zergling x2  
  26  2:46  Zergling x2  
  26  2:47  Zergling x2  
  26  2:48  Overlord  
  26  2:49  Drone  
  30  3:12  Drone  
  30  3:13  Drone  
  31  3:23  Zergling x2  
  32  3:45  Drone x5  
  36  4:04  Overlord  
  36  4:05  Overlord  
  36  4:07  Drone  
  37  4:14  Drone x4  
  37  4:15  Roach Warren  
  40  4:20  Drone x2  
  42  4:32  Evolution Chamber, Drone  
  42  4:33  Evolution Chamber, Drone  
  42  4:55  Extractor  
  42  4:57  Hatchery, Extractor  
  39  5:06  Drone x5  
  39  5:07  Drone x3  
  47  5:14  Zerg Missile Weapons Level 1  
  47  5:15  Zerg Ground Armor Level 1  
  47  5:21  Lair  
  47  5:23  Queen  
  49  5:32  Drone x3  
  49  5:33  Drone  
  53  5:46  Roach x3  
  53  5:47  Roach  
  59  5:50  Overlord x2  
  58  6:27  Drone x3  
  58  6:28  Drone x3  
  64  6:35  Glial Reconstitution  
  66  7:01  Roach x4  
  66  7:02  Overlord x2, Roach x2  
  66  7:03  Overlord  
  76  7:14  Roach x3  
  82  7:34  Roach  
  82  7:35  Roach x7  
  82  7:36  Roach  
  100  7:37  Overlord x2  
  100  7:39  Zerg Ground Armor Level 2, Zerg Missile Weapons Level 2  
  100  7:50  Hydralisk Den  
  99  7:54  Drone x7  
  99  7:58  Extractor  
  105  7:59  Extractor  
  105  8:02  Drone x2  
  105  8:04  Drone x3  
  109  8:07  Drone  
  110  8:23  Overseer  
  112  8:34  Overlord x2, Roach x4  
  112  8:35  Overlord, Roach  
  120  8:50  Grooved Spines  
  120  8:52  Hydralisk x3  
  120  8:53  Hydralisk x8  
  142  9:13  Overlord x2, Drone  
  142  9:14  Overlord x3  
  143  9:39  Infestation Pit  
  143  9:44  Lurker Den  
  141  9:54  Hydralisk x4  
  141  9:55  Overlord  
  141  9:56  Zergling x2  
  141  9:57  Zergling x6  
  153  10:00  Zerg Melee Weapons Level 1  
  153  10:22  Drone  
  154  10:51  Hatchery  
  154  10:55  Queen  
  155  11:17  Hydralisk x4  
  163  11:19  Hydralisk x3  
  163  11:21  Roach x6  
  163  11:22  Overlord x2, Zergling x6  
  184  11:39  Tunneling Claws  
  184  11:42  Drone x2  
  186  11:58  Hydralisk x3  
  186  12:00  Roach x3  
  198  12:05  Ravager x2  
  200  12:14  Lurker  
  199  12:15  Lurker  
  199  13:19  Extractor x2  
Show
View Real Time Build Order
Export as new Build Order

Player 2 Zerg 

Build Orders: Pool First 

Get SALT Encoding   

  12  0:01  Drone  
  13  0:12  Overlord  
  13  0:17  Drone  
  14  0:30  Drone  
  14  0:35  Drone  
  16  0:44  Spawning Pool  
  16  0:45  Extractor  
  16  0:48  Drone  
  15  0:53  Drone  
  16  1:00  Overlord  
  16  1:31  Queen, Zergling x2  
  19  1:36  Roach Warren  
  19  1:37  Extractor  
  17  1:40  Drone  
  17  1:45  Drone  
  17  1:46  Zergling x2  
  20  2:09  Overlord  
  20  2:16  Roach  
  20  2:22  Drone  
  23  2:27  Drone  
  24  2:35  Drone  
  25  2:37  Roach  
  25  2:40  Drone  
  28  2:44  Drone  
  28  2:48  Drone  
  30  2:58  Overlord  
  30  3:09  Roach  
  32  5:37  Lair, Drone  
  32  5:38  Overlord, Zergling x2  
  32  5:42  Drone  
  35  5:46  Drone  
  35  5:50  Zergling x2  
  36  6:03  Zergling x2  
  37  6:16  Zergling x2  
  31  6:35  Overseer x2  
  31  6:50  Hatchery  
  30  8:02  Drone  
  31  8:06  Drone  
  31  8:10  Drone  
  31  8:12  Extractor  
  32  8:15  Drone, Extractor  
  32  8:19  Drone  
  33  8:23  Drone  
  34  8:27  Drone  
  34  8:32  Drone  
  36  8:36  Drone  
  36  8:40  Drone  
  38  8:45  Drone  
  39  8:49  Drone  
  39  8:53  Drone  
  41  8:58  Drone  
  41  9:02  Drone  
  43  9:06  Drone  
  44  9:10  Drone  
  44  9:15  Drone  
  46  9:19  Drone  
  46  9:20  Overlord  
  46  9:23  Drone  
  48  9:28  Drone  
  49  9:32  Drone  
  49  9:37  Drone  
  51  9:41  Drone  
  52  10:01  Pneumatized Carapace  
  52  10:02  Overlord x2, Overseer  
  52  10:03  Infestation Pit  
  52  10:05  Hydralisk Den  
  50  10:10  Zergling x2  
  47  10:21  Evolution Chamber, Drone  
  47  10:34  Hydralisk  
  49  10:45  Hive  
  49  10:47  Zerg Melee Weapons Level 1  
  49  10:56  Hydralisk  
  51  11:09  Overseer  
  51  11:10  Overlord  
  51  11:17  Hydralisk  
  50  11:39  Zergling x2  
  51  12:01  Ultralisk Cavern  
  50  12:25  Hydralisk  
  47  12:47  Zergling x2  
  48  13:08  Hydralisk  
  46  13:23  Roach  
  47  13:28  Drone  
  47  13:32  Drone  
  44  13:37  Drone  
  44  13:39  Overseer  
  44  13:40  Overseer  
  32  13:49  Evolution Chamber  
  25  13:57  Overlord  
Tags
 
Add a new tag
Caveats
  • Supply blocks, unpowered buildings, or Contaminate may cause inaccurate times.
  • Supply counts are checked every 10 seconds.